 Dungeon Crawl Stone Soup version 0.27.1-34-g3ba077fa99 (webtiles) character file.

Game seed: 12539883496574876186

65 cbfl8 the Sneak (level 3, -1/33 HPs)
             Began as a Minotaur Delver on Jan 14, 2022.
             Was an Initiate of Qazlal.
             Slain by Pikel (2 damage)
             ... on level 5 of the Dungeon.
             The game lasted 00:02:33 (1175 turns).

cbfl8 the Sneak (Minotaur Delver)                   Turns: 1175, Time: 00:02:34

Health: -1/33      AC:  5    Str: 16    XL:     3   Next: 94%
Magic:  2/2        EV: 11    Int:  8    God:    Qazlal [......]
Gold:   54         SH:  0    Dex: 11    Spells: 2/2 levels left

rFire    . . .     SeeInvis .   a - +0 hand axe
rCold    . . .     Faith    .   (no shield)
rNeg     . . .     Spirit   .   l - +0 ring mail
rPois    .         Reflect  .   (helmet restricted)
rElec    .         Harm     .   (no cloak)
rCorr    .         Rampage  .   (no gloves)
Will     .....                  (no boots)
Stlth    ++........             (no amulet)
HPRegen  0.11/turn              (no ring)
MPRegen  0.08/turn              (no ring)

@: mighty
A: horns 2, retaliatory headbutt
a: Renounce Religion


You were on level 5 of the Dungeon.
You worshipped Qazlal.
Qazlal was noncommittal.
You visited 1 branch of the dungeon, and saw 3 of its levels.

You collected 54 gold pieces.

Inventory:

Hand Weapons
 a - a +0 hand axe (weapon)
Armour
 b - a +0 leather armour
 l - a +0 ring mail (worn)
Wands
 g - a wand of digging (3)
Scrolls
 c - a scroll of fog
 d - a scroll of magic mapping
 e - a scroll of fear
 j - a scroll of identify {unknown}
 k - a scroll of enchant armour {unknown}
Potions
 f - a potion of haste
 i - a potion of flight {unknown}


   Skills:
 + Level 4.1 Fighting
 + Level 3.1 Axes
 + Level 1.2 Armour
 + Level 2.3 Dodging
 + Level 4.7 Stealth


You had 2 spell levels left.
You didn't know any spells.
Your spell library was empty.

Dungeon Overview and Level Annotations

Branches:
Dungeon (6/15)
 Temple: D:4-7

Altars:
Qazlal
Uskayaw

Annotations:
D:5 Pikel


Innate Abilities, Weirdness & Mutations

You have a pair of horns on your head.
You reflexively headbutt those who attack you in melee.


Message History

You start resting.
Pikel is nearby!
Pikel is nearby!
Pikel is nearby!
Pikel is nearby!
Pikel shouts!
It was a potion of might.
You feel very mighty all of a sudden. Pikel completely misses you.
The ogre shouts!
You slash Pikel! You headbutt Pikel!
Pikel is moderately wounded.
You hear a shout! x2
Pikel barely misses you.
The lemure shouts!
You slash Pikel!
Pikel is heavily wounded.
Pikel hits you with a +1 whip of freezing.
* * * LOW HITPOINT WARNING * * *
Pikel freezes you.
* * * LOW HITPOINT WARNING * * *
You hit Pikel.
Pikel is heavily wounded.
Pikel closely misses you.
You slash Pikel!
Pikel is severely wounded.
Pikel hits you with a +1 whip of freezing.
* * * LOW HITPOINT WARNING * * *
Pikel freezes you.
* * * LOW HITPOINT WARNING * * *
You closely miss Pikel.
Pikel is severely wounded.
You closely miss the ogre. Pikel misses you. The ogre closely misses you.
You completely miss Pikel. You headbutt Pikel!
Pikel is almost dead.
You barely miss the ogre.
Pikel hits you with a +1 whip of freezing.
* * * LOW HITPOINT WARNING * * *
Pikel freezes you.
You die...

#.....8.......#
#...8...8...#.#
#.............#
#..8.....8.._.#
#.............#
#...8...8...#.#
#######
#5....8.......#
......# ##O..5.5....#
......#
#@K#####.......(.
......# #######.##
#......... ......#
#.......# ..........
......####.#######
...#...#...
..>...............
O...#.⌠.# ..
........#..###....
...###...# .
......#....#..........
.... ......#......#
##.####....#......


You could see Pikel, an ogre and 3 lemures.

Vanquished Creatures
  A bullfrog zombie (D:5)
  A hound (D:5)
  A worm (D:5)
  An orc (D:5)
4 creatures vanquished.

Notes
Turn   | Place    | Note
-------+----------+-------------------------------------------
     0 | D:5      | cbfl8 the Minotaur Delver began the quest for the Orb.
     0 | D:5      | Reached XP level 1. HP: 19/19 MP: 0/0
    63 | D:4      | Noticed a black bear
   105 | D:5      | Noticed a hound
   121 | D:5      | Killed a hound
   122 | D:5      | Reached XP level 2. HP: 2/27 MP: 1/1
   122 | D:5      | Reached XP level 3. HP: 2/33 MP: 2/2
   526 | D:5      | Found a stormy altar of Qazlal.
   542 | D:5      | Became a worshipper of Qazlal Stormbringer
   856 | D:5      | Noticed a lemure
   856 | D:5      | Noticed a lemure
   856 | D:5      | Noticed a lemure
   857 | D:5      | Noticed Pikel
   857 | D:5      | Noticed a lemure
  1116 | D:5      | Found a hide-covered altar of Uskayaw.
  1119 | D:5      | Noticed an ogre
  1137 | D:5      | Reached skill level 1 in Armour
  1175 | D:5      | HP: 1/33 [Pikel (3)]
  1175 | D:5      | Slain by Pikel

Illustrated notes

Levels and vault maps discovered:
D:4:      layout_cave_pods, serial_rivers, chequers_serial_rivers_large_a,
          chequers_serial_rivers_micro_c, chequers_serial_rivers_large_b,
          chequers_serial_rivers_small_a, minmay_liquid_box,
          kennysheep_generic_room_6
D:5:      layout_rooms, nicolae_uskayaw_dance_hall,
          mainiacjoe_overflow_cross_hatched, minmay_temple_entry_junction_2,
          kennysheep_generic_room_4, uniq_pikel
D:6:      minmay_recursive_quarters, layout_loops_ring, general_overflow_altar,
          mainiacjoe_overflow_small_starburst, uniq_maggie

Skill      XL: |  1  2  3 |
---------------+----------+-----
Fighting       | 4 |  4.1
Axes           | 3 |  3.1
Armour         | 1 |  1.2
Dodging        | |  2.3
Stealth        | |  4.7

Action                   || total
-------------------------++-------
Melee: Hand axe          ||    43
       Headbutt          ||     8
  Use: Scroll            ||     3
       Potion            ||     1
Armor: Leather armour    ||     4
       Ring mail         ||     6
Dodge: Dodged            ||    32
